 Dungeon Crawl Stone Soup version 0.27-a0-1144-g0b7d3b79db (webtiles) character file.

Game seed: 9497613997436902926

6176 wakim the Thaumaturge (level 10, 0/75 HPs)
             Began as a Djinni Fire Elementalist on May 10, 2021.
             Was an Elder of Lugonu.
             Shot with an arrow by a centaur warrior (16 damage)
             ... on level 8 of the Dungeon.
             The game lasted 00:30:35 (11343 turns).

wakim the Thaumaturge (Djinni Fire Elementalist)   Turns: 11343, Time: 00:30:36

Health: 0/75       AC:  9    Str:  7    XL:     10   Next: 91%
Gold:   416        EV: 14    Int: 20    God:    Lugonu [****..] SH:  9 Dex: 14

rFire    + + .     SeeInvis .   a - +1 long sword
rCold    x . .     Faith    .   f - +0 kite shield
rNeg     . . .     Spirit   .   i - +0 robe
rPois    ∞         Reflect  .   j - +1 helmet
rElec    .         Harm     .   k - +0 cloak {rCorr}
rCorr    +         Rampage  .   (no gloves)
Will     ++...                  (boots unavailable)
Stlth    ++........             q - amulet of Spite {+Blink Will+ Regen+}
HPRegen  1.22/turn              m - +4 ring of protection
MPRegen  0.00/turn              (no ring)

@: flying
A: sickness immunity, fire resistance 2, cold vulnerability 1, float, innate
caster, hp casting, extra vitality 1
a: Renounce Religion, Evoke Blink, Depart the Abyss, Bend Space, Banish, Corrupt


You were on level 8 of the Dungeon.
You worshipped Lugonu.
Lugonu was greatly pleased with you.
You visited 2 branches of the dungeon, and saw 9 of its levels.

You collected 416 gold pieces.

Inventory:

Hand Weapons
 a - a +1 long sword (weapon)
 b - the +5 hand axe "Jylaiqan" {freeze, Str+7 Int+2 Dex-5}
   (You found it on level 6 of the Dungeon)

   It has been specially enchanted to freeze those struck by it, causing extra
   injury to most foes and up to half again as much damage against particularly
   susceptible opponents.
   It can also slow down cold-blooded creatures.
   It affects your strength (+7).
   It affects your intelligence (+2).
   It affects your dexterity (-5).
Missiles
 n - 2 throwing nets {=f!f}
 r - 2 curare-tipped darts {=f}
Armour
 f - a +0 kite shield (worn)
 i - a +0 robe (worn)
 j - a +1 helmet (worn)
 k - a +0 cloak of preservation (worn)
Jewellery
 c - a ring of ice
 m - a +4 ring of protection (left hand)
 q - the amulet of Spite (around neck) {+Blink Will+ Regen+}
   (You acquired it on level 8 of the Dungeon)

   [amulet of regeneration]

   It lets you blink.
   It increases your rate of health regeneration.
   It increases your willpower.
 t - the ring "Liuxuo" {Int+3 Dex+6}
   (You took it off a kobold demonologist on level 8 of the Dungeon)

   [ring of dexterity]

   It affects your intelligence (+3).
   It affects your dexterity (+6).
Wands
 v - a wand of flame (15)
 y - a wand of paralysis (9)
Potions
 d - 2 potions of might
 e - 3 potions of lignification {unknown}
 g - a potion of mutation {unknown}
 h - a potion of heal wounds {unknown}
 l - a potion of haste {unknown}
 o - 2 potions of invisibility {unknown}
 p - a potion of attraction {unknown}
 s - a potion of brilliance {unknown}
 A - 2 potions of ambrosia
 F - 5 potions of curing
 O - 2 potions of resistance


   Skills:
 + Level 7.0 Fighting
 + Level 8.2 Dodging
 - Level 3.0 Stealth
 * Level 6.7 Shields
 * Level 9.0 Spellcasting


You had 3 spell levels left.
You knew the following spells:

 Your Spells              Type           Power      Damage    Failure   Level
a - Foxfire               Conj/Fire      100%       2x1d9     1%          1
b - Inner Flame           Hex/Fire       45%        N/A       1%          3
c - Static Discharge      Conj/Air       45%        N/A       1%          2
d - Conjure Flame         Conj/Fire      45%        6-21      1%          3
e - Blink                 Tloc           N/A        N/A       1%          2
f - Summon Guardian Gole  Hex/Summ       45%        N/A       1%          3
q - Sticky Flame          Conj/Fire      45%        2d6       5%          4
u - Animate Skeleton      Necr           90%        N/A       1%          1
x - Fireball              Conj/Fire      22%        3d10      16%         5
Your spell library was empty.

Dungeon Overview and Level Annotations

Branches:
Dungeon (8/15)             Temple (1/1) D:4            Lair (0/6) D:8

Altars:
Ashenzari
Cheibriados
Dithmenos
Elyvilon
Fedhas
Gozag
Hepliaklqana
Kikubaaqudgha
Makhleb
Okawaru
Qazlal
Ru
Uskayaw
Vehumet
Wu Jian
Xom
Yredelemnul
Zin
The Shining One
Lugonu

Shops:
D:4 [

Annotations:
D:8 1 runed translucent door


Innate Abilities, Weirdness & Mutations

You are immune to sickness and miasma.
You are immune to poison.
Your flesh is very heat resistant. (rF++)
You are vulnerable to cold. (rC-)
You float through the air rather than walking.
You learn spells naturally, not from books.
Your magical power is your life essence.
You have superior vitality. (+4 HP)


Message History

The centaur warrior wields a +0 shortbow.
The centaur warrior shoots an arrow.
The arrow hits you!
* * * LOW HITPOINT WARNING * * *
You hit the centaur warrior.
Flame seeps out of the centaur warrior.
The centaur warrior is lightly wounded.
The centaur warrior is engulfed in blazing flames.
Flame seeps out of the centaur warrior.
The centaur warrior unwields a +0 shortbow.
The centaur warrior hits you!
* * * LOW HITPOINT WARNING * * *
The centaur warrior kicks you but does no damage.
The centaur warrior is engulfed in blazing flames.
Flame seeps out of the centaur warrior.
You block the centaur warrior's attack. The centaur warrior kicks you.
* * * LOW HITPOINT WARNING * * *
You feel better.
The centaur warrior is engulfed in blazing flames.
Flame seeps out of the centaur warrior.
You block the centaur warrior's attack. x2
Casting: Foxfire (safe; 1% risk of failure)
Confirm with . or Enter, or press ? or * to list all spells.
Aiming: Sticky Flame (dangerous; 5% risk of failure)
Press: ? - help, Shift-Dir - straight line, f/p - centaur warrior
Aim: a centaur warrior, wearing the ring of Beauty {Wiz rF++ rC+} and quivering arrows (flame, lightly wounded, inner flame, 100% to hit)
The sticky flame hits the centaur warrior.
The centaur warrior completely resists.
The centaur warrior is lightly wounded.
The centaur warrior is covered in liquid flames!
* * * LOW HITPOINT WARNING * * *
The centaur warrior burns!
Flame seeps out of the centaur warrior.
You block the centaur warrior's attack. x2
The centaur warrior is engulfed in blazing flames.
Flame seeps out of the centaur warrior.
The centaur warrior hits you!
* * * LOW HITPOINT WARNING * * *
The centaur warrior closely misses you.
The centaur warrior wields a +0 shortbow.
The centaur warrior shoots an arrow.
You block the arrow.
Things that are here:
a +0 dagger; a +0 robe The centaur warrior shoots an arrow.
The arrow hits you!
You die...

............# .## #§#..#.#
####..###...# #.# #.#.##..
.########...# ###.# #.#..###
....<..<....# #.#.# #.##[#..
..).).......#### #.## #..#...#
.().).......#..### #.#c# ##.#.###
###)........#.##.#####.###..###..
.##...##....#....#.###.#..###....
......##....###.@#...##).##......
.###+###....#....)c#...###.......
.##...##....###..#...####..######
......#.....#....#.###.....#
###...#.....#.##(###......##
.##...+.....#..###.....####
..#...#......###....[.##
.#######.........######
.##...##.....#####


You could see a centaur warrior (inner flame).

Vanquished Creatures
  2 ugly things (D:8)
  A kobold demonologist (D:8)
  A komodo dragon (D:8)
  A slime creature (D:8)
  10 yaks
  A wyvern (D:7)
  A steam dragon (D:8)
  5 water moccasins
  A sky beast (D:5)
  2 black bears
  3 ogres
  2 ice beasts (D:6)
  2 centaurs
  2 necrophages (D:6)
  A kobold brigand (D:7)
  3 bullfrogs
  A gnoll sergeant (D:5)
  A water moccasin skeleton (D:5)
  A wight (D:8)
  A howler monkey (D:5)
  2 centaur zombies (D:8)
  Crazy Yiuf (D:2)
  4 hounds
  A jelly (D:6)
  3 orc priests
  3 gnoll shamans
  4 iguanas
  An iron imp (D:8)
  2 centaur skeletons (D:7)
  2 orc wizards
  A killer bee zombie (D:6)
  A howler monkey zombie (D:8)
  18 gnolls
  8 adders
  A howler monkey skeleton (D:7)
  2 white imps (D:5)
  2 worms
  3 dart slugs
  7 orcs
  4 ball pythons
  4 endoplasms
  A giant cockroach (D:2)
  7 goblins
  6 hobgoblins
  10 jackals
  15 kobolds
  3 quokkas
  5 bats
  5 frilled lizards
  A goblin skeleton (D:8)
  A goblin zombie (D:8)
  2 hobgoblin zombies (D:8)
  2 kobold skeletons (D:8)
  A kobold zombie (D:8)
  An orc zombie (D:8)
  A rat (D:2)
177 creatures vanquished.

Vanquished Creatures (others)
  An orc wizard (D:7)
  373 foxfires
  7 fungi (D:6)
  5 plants
386 creatures vanquished.

Grand Total: 563 creatures vanquished

Notes
Turn   | Place    | Note
-------+----------+-------------------------------------------
     0 | D:1      | wakim the Djinni Fire Elementalist began the quest for the
                  | Orb.
     0 | D:1      | Reached XP level 1. HP: 15/15 MP: 0/0
   297 | D:1      | Reached XP level 2. HP: 20/22 MP: 0/0
   471 | D:1      | Reached skill level 3 in Spellcasting
   825 | D:1      | Reached XP level 3. HP: 25/26 MP: 0/0
   825 | D:1      | Learned a level 1 spell: Animate Skeleton
   963 | D:1      | Reached skill level 1 in Fighting
  1838 | D:2      | Reached XP level 4. HP: 28/32 MP: 0/0
  2364 | D:2      | Found a runed translucent door.
  2365 | D:2      | Noticed Crazy Yiuf
  2392 | D:2      | Killed Crazy Yiuf
  2393 | D:2      | Reached XP level 5. HP: 24/38 MP: 0/0
  2393 | D:2      | Learned a level 2 spell: Static Discharge
  2760 | D:3      | Found a faded altar of an unknown god.
  2839 | D:3      | Became a worshipper of Lugonu the Unformed
  2839 | D:3      | Reached * piety under Lugonu
  2839 | D:3      | Reached ** piety under Lugonu
  3052 | D:3      | Found a glowing silver altar of Zin.
  3216 | D:3      | Found a stormy altar of Qazlal.
  3677 | D:4      | Found a staircase to the Ecumenical Temple.
  3684 | Temple   | Entered the Ecumenical Temple
  4068 | D:4      | Reached skill level 4 in Spellcasting
  4397 | D:4      | Reached XP level 6. HP: 27/43 MP: 0/0
  4522 | D:4      | Found Cotaipev's Antique Armour Emporium.
  4596 | D:5      | Entered Level 5 of the Dungeon
  4690 | D:5      | Noticed a black bear
  5348 | D:5      | Reached skill level 1 in Shields
  5348 | D:5      | Reached XP level 7. HP: 23/49 MP: 0/0
  5348 | D:5      | Learned a level 2 spell: Blink
  5878 | D:5      | Reached skill level 5 in Spellcasting
  6475 | D:5      | Reached XP level 8. HP: 52/56 MP: 0/0
  6824 | D:6      | Found a blossoming altar of Fedhas.
  6855 | D:6      | Noticed a yak
  6855 | D:6      | Noticed a yak
  6855 | D:6      | Noticed a yak
  6855 | D:6      | Noticed a yak
  6922 | D:5      | Killed a yak
  7159 | D:6      | Identified the +5 hand axe "Jylaiqan" {freeze, Str+7 Int+2
                  | Dex-5}
  7168 | D:6      | Reached skill level 5 in Dodging
  7640 | D:6      | Reached skill level 6 in Spellcasting
  7796 | D:6      | Found a snail-covered altar of Cheibriados.
  7909 | D:6      | Killed a yak
  7910 | D:6      | Reached XP level 9. HP: 46/63 MP: 0/0
  7910 | D:6      | Learned a level 3 spell: Summon Guardian Golem
  7931 | D:6      | Reached skill level 5 in Fighting
  8485 | D:7      | Reached skill level 7 in Spellcasting
  8596 | D:7      | Reached *** piety under Lugonu
  9952 | D:7      | Reached skill level 8 in Spellcasting
  9952 | D:7      | Reached XP level 10. HP: 40/72 MP: 0/0
 10241 | D:8      | Reached skill level 5 in Shields
 10878 | D:8      | Reached **** piety under Lugonu
 10879 | D:8      | Found a glowing golden altar of the Shining One.
 11002 | D:8      | Found a staircase to the Lair.
 11020 | D:8      | Identified a scroll of acquirement
 11020 | D:8      | Acquired the amulet of Spite {+Blink Will+ Regen+}
 11063 | D:8      | Found a runed translucent door.
 11064 | D:8      | Noticed a manticore
 11226 | D:8      | Identified the ring "Liuxuo" {Int+3 Dex+6}
 11226 | D:8      | Noticed a kobold demonologist
 11238 | D:8      | Killed a kobold demonologist
 11277 | D:8      | Noticed a cyan ugly thing
 11283 | D:8      | Noticed a brown ugly thing
 11296 | D:8      | Killed a brown ugly thing
 11300 | D:8      | Killed a brown ugly thing
 11301 | D:8      | Reached skill level 9 in Spellcasting
 11326 | D:8      | Identified the ring of Beauty {Wiz rF++ rC+}
 11326 | D:8      | Noticed a centaur warrior
 11343 | D:8      | Shot with an arrow by a centaur warrior

Illustrated notes

Levels and vault maps discovered:
D:1:      beargit_arrival_greenhouse, layout_loops_ring,
          amcnicky_mini_pool_small
D:2:      layout_basic, uniq_crazy_yiuf_cottage
D:3:      layout_loops_cross, lemuel_doored_altar, grunt_qazlal_clouds,
          shapermc_ecumenical_altar_starsandcircs
D:4:      layout_rooms, minmay_temple_entry_gardened_gates, serial_shops,
          nicolae_shop_temple_entry_statues_fountains
D:5:      layout_basic, minmay_fractal_squares_gapless_5
D:6:      layout_loops_ring, fedhas_altar_3, kennysheep_slug_shrine,
          kennysheep_cross_bottleneck
D:7:      layout_rooms
D:8:      minmay_the_grid_triangle_9x9_recursive_2
          [minmay_the_grid_triangle_9x9_prize_special,
          minmay_the_grid_triangle_9x9_alien,
          minmay_the_grid_triangle_9x9_tough_junction,
          minmay_the_grid_triangle_9x9_corrupted_corridor], layout_gridville,
          nicolae_tso_besieged_by_evil
Temple:   minmay_temple_curvy_branch

Skill      XL: |  1  2  3  4  5  6  7  8  9 10 |
---------------+-------------------------------+-----
Spellcasting   | 3 4 5 6 8 9 |  9.0
Fighting       | 1 2 3 4 6 7 |  7.0
Stealth        | 2 3 |  3.0
Dodging        | 3 4 6 7 8 |  8.2
Shields        | 1 2 4 6 |  6.7

Action                   |  1- 3 |  4- 6 |  7- 9 | 10-12 || total
-------------------------+-------+-------+-------+-------++-------
Melee: Short sword       |     2 |       |       |       ||     2
       Mace              |       |    13 |       |       ||    13
       Long sword        |       |       |    13 |     7 ||    20
 Cast: Foxfire           |    53 |    65 |    59 |    51 ||   228
       Sticky Flame      |       |     2 |    17 |     6 ||    25
       Inner Flame       |       |    10 |    33 |    31 ||    74
  Use: Scroll            |     2 |     5 |     6 |     2 ||    15
       Potion            |       |       |       |     1 ||     1
 Stab: Sleeping          |     1 |     1 |       |       ||     2
Armor: Robe              |     6 |     3 |    22 |     6 ||    37
Dodge: Dodged            |    18 |    29 |    69 |    10 ||   126
Block: Kite shield       |       |       |     3 |    24 ||    27
       Rpst.: Long sword |       |       |    15 |     2 ||    17

Table legend: (Time is in decaauts)
 A = Elapsed time spent in this place.
 B = Non-inter-level travel time spent in this place.
 C = Inter-level travel time spent in this place.
 D = Time resting spent in this place.
 E = Time spent auto-exploring this place.
 F = Levels seen in this place.
 G = Mean time per level.
                   A        B        C        D        E       F      G
               +--------+--------+--------+--------+--------+-----+--------+
         Total |  11360 |  10943 |    417 |   1543 |   7841 |   9 | 1262.2 |
       Dungeon |  10989 |  10592 |    397 |   1543 |   7547 |   8 | 1373.6 |
        Temple |    370 |    350 |     20 |      0 |    294 |   1 |  370.0 |
               +--------+--------+--------+--------+--------+-----+--------+

Top non-repeatable levels by time:
     D:5: 2141 daAuts
     D:6: 1683 daAuts
     D:1: 1478 daAuts
     D:7: 1348 daAuts
     D:8: 1242 daAuts
     D:2: 1136 daAuts
     D:4: 1094 daAuts
     D:3: 862 daAuts
  Temple: 370 daAuts
